 Dungeon Crawl Stone Soup version 0.31.0-12-g77e489cdc1 (webtiles) character file.

Game seed: 17056352259914323181

2030 Kamelulo the Geomancer (level 9, -1/52 HPs)
             Began as a Gargoyle Earth Elementalist on Feb 24, 2024.
             Slain by an unseen horror (7 damage)
             ... on level 7 of the Dungeon.
             The game lasted 00:11:20 (5421 turns).

Kamelulo the Geomancer (GrEE)                       Turns: 5421, Time: 00:11:20

Health: -1/52      AC: 13    Str: 15    XL:     9   Next: 23%
Magic:  5/17       EV: 11    Int: 28    God:
Gold:   404        SH:  0    Dex: 10    Spells: 15/19 levels left

rFire   + . .        n - +0 whip "Pyer" {venom, Str+3}
rCold   x . .        (no shield)
rNeg    + . .        a - +0 robe
rPois   ∞            y - +0 helmet
rElec   +            f - +1 cloak "Foafusam" {rC- Regen+ Int+8 Stlth-}
rCorr   .            C - +0 pair of gloves
SInv    .            o - +0 pair of boots
Will    .....        (no amulet)
Stlth   ++           e - ring of wizardry
HPRegen 1.08/turn    u - ring of protection from fire
MPRegen 0.15/turn

%: wizardry (x1)
@: no status effects
A: sickness immunity, AC +6, negative energy resistance 1, electricity
resistance, torment resistance 1, petrification resistance
a: no special abilities


You were on level 7 of the Dungeon.
You visited 2 branches of the dungeon, and saw 8 of its levels.

You collected 404 gold pieces.

Inventory:

Hand Weapons
 d - a +0 dagger
 n - the +0 whip "Pyer" (weapon) {venom, Str+3}
   (You took it off an orc on level 3 of the Dungeon)

   Str+3:     It affects your strength (+3).
Missiles
 A - a throwing net
Armour
 a - a +0 robe (worn)
 f - the +1 cloak "Foafusam" (worn) {rC- Regen+ Int+8 Stlth-}
   (You found it on level 2 of the Dungeon)

   Int+8:     It affects your intelligence (+8).
   rC-:       It makes you vulnerable to cold.
   Regen+:    It increases your rate of health regeneration.
   Stlth-:    It makes you less stealthy.
 o - a +0 pair of boots (worn)
 y - a +0 helmet (worn)
 z - a +0 tower shield
 C - a +0 pair of gloves (worn)
Jewellery
 e - a ring of wizardry (left hand)
 j - an amulet of faith
 u - a ring of protection from fire (right hand)
Wands
 m - a wand of digging (2)
 p - a wand of paralysis (5)
 B - a wand of iceblast (9)
Scrolls
 l - 2 scrolls of fog
 t - 2 scrolls of teleportation
 v - a scroll of poison
 x - a scroll of vulnerability
Potions
 b - a potion of magic
 c - 6 potions of curing
 g - 2 potions of degeneration
 h - 3 potions of heal wounds
 i - a potion of might {unknown}
 k - 2 potions of attraction
 q - a potion of lignification {unknown}
 r - 2 potions of brilliance {unknown}
 s - a potion of haste {unknown}
 w - 2 potions of mutation {unknown}
 E - a potion of invisibility {unknown}


   Skills:
 + Level 3.9 Fighting
 - Level 1.5 Dodging
 - Level 5.0 Stealth
 + Level 5.9 Spellcasting
 + Level 6.6 Conjurations
 + Level 8.1 Earth Magic


You had 15 spell levels left.
You knew the following spells:

 Your Spells              Type           Power      Damage    Failure   Level
a - Sandblast             Erth           100%       2d20      1%          1
b - Stone Arrow           Conj/Erth      98%        3d13      1%          3

Your spell library contained the following spells:

 Spells                   Type           Power      Damage    Failure   Level
 Passwall                 Erth           52%        N/A       1%          3
 Brom's Barrelling Bould  Conj/Erth      49%        2d7       1%          4
 Petrify                  Alch/Erth      31%        N/A       4%          4
 Manifold Assault         Tloc           8%         N/A       24%         4
 Dispersal                Tloc           4%         N/A       97%         6
 Disjunction              Tloc           4%         N/A       100%        8


Dungeon Overview and Level Annotations

Branches:
Dungeon (7/15)             Temple (1/1) D:5

Altars:
Ashenzari
Cheibriados
Elyvilon
Fedhas
Hepliaklqana
Kikubaaqudgha
Okawaru
Qazlal
Ru
Sif Muna
Trog
Uskayaw
Wu Jian
Xom
Yredelemnul
Zin
The Shining One

Shops:
D:2 (

Annotations:
D:4 3 runed translucent doors, Arctor's ghost, amateur DEFE; Consumeair16's ghost, amateur GnWr; Silvore's ghost, weakling MiFi; hawla's ghost, amateur MiFi; middlethird's ghost, amateur VSCj


Innate Abilities, Weirdness & Mutations

You are immune to sickness and miasma.
Your stone body is resilient. (AC +6)
You are immune to poison.
You resist negative energy. (rN+)
You are resistant to electric shocks. (rElec)
You are resistant to unholy torment.
You are immune to petrification.


Message History

Something hits you but does no damage. Something hits you but does no damage.
Something hits you.
Something hits you but does no damage. x2; Something hits you.
You are too injured to fight recklessly!
You are too injured to fight recklessly!
Casting: Sandblast (safe; 1% risk of failure)
Confirm with . or Enter, or press ? or * to list all spells.
You can't see any susceptible monsters within range! (Use Z to cast anyway.)
Casting: Sandblast (safe; 1% risk of failure)
Confirm with . or Enter, or press ? or * to list all spells.
Aiming: Stone Arrow (safe; 1% risk of failure)
Press: ? - help, Shift-Dir - straight line, f - you Something hits you but does no damage. x2
Casting: Stone Arrow (safe; 1% risk of failure)
Confirm with . or Enter, or press ? or * to list all spells.
Aiming: Stone Arrow (safe; 1% risk of failure)
Press: ? - help, Shift-Dir - straight line, f - you The stone arrow hits something!
Something hits you but does no damage. Something hits you.
Casting: Stone Arrow (safe; 1% risk of failure)
Confirm with . or Enter, or press ? or * to list all spells.
Aiming: Stone Arrow (safe; 1% risk of failure)
Press: ? - help, Shift-Dir - straight line, f - you Something hits you.
Something hits you.
* * * LOW HITPOINT WARNING * * *
Something hits you.
* * * LOW HITPOINT WARNING * * *
Something hits you.
* * * LOW HITPOINT WARNING * * *
Something hits you.
* * * LOW HITPOINT WARNING * * *
You closely miss something. Something hits you but does no damage.
Something hits you.
* * * LOW HITPOINT WARNING * * *
Something hits you but does no damage. Something completely misses you.
You hit something but do no damage. Something hits you!
You die...

#####.#######
#............
#.###.#######
#.# #.#
#.###†#######
#............
#####.#######
#.....@.#
##.#..#.# #
#))#.# #..#.#
#.$..#..
#.).......
#(.........
......#......
#<.....#..)....


There were no monsters in sight!

Vanquished Creatures
  A steam dragon (D:6)
  2 water moccasins
  A black bear (D:6)
  An ogre (D:6)
  A phantom (D:5)
  2 kobold brigands
  2 bullfrogs
  A gnoll sergeant (D:6)
  2 scorpions
  A bombardier beetle (D:3)
  A howler monkey (D:5)
  3 jellies
  6 hounds
  5 orc priests
  A gnoll bouda (D:5)
  6 iguanas
  A sleepcap (D:4)
  Jessica (D:2)
  8 adders
  8 gnolls
  A shadow imp (D:5)
  A white imp (D:5)
  An ufetubus (D:6)
  2 dart slugs
  A ribbon worm (D:4)
  26 orcs
  5 bats
  7 endoplasms
  3 giant cockroaches
  3 goblins
  7 hobgoblins
  8 jackals
  A quokka (D:4)
  3 ball pythons
  A frilled lizard (D:3)
  14 kobolds
  6 rats
144 creatures vanquished.

Notes
Turn   | Place    | Note
-------+----------+-------------------------------------------
     0 | D:1      | Kamelulo the Gargoyle Earth Elementalist began the quest
                  | for the Orb.
     0 | D:1      | Reached XP level 1. HP: 10/10 MP: 3/3
   187 | D:1      | Reached XP level 2. HP: 15/15 MP: 3/5
   643 | D:1      | Reached skill level 4 in Earth Magic
   988 | D:2      | Found Nufuzim's Weapon Emporium.
  1015 | D:2      | Reached XP level 3. HP: 19/19 MP: 4/6
  1053 | D:2      | Identified the +1 cloak "Foafusam" {rC- Regen+ Int+8
                  | Stlth-}
  1079 | D:2      | Learned a level 3 spell: Stone Arrow
  1185 | D:2      | Noticed Jessica
  1188 | D:2      | Killed Jessica
  1189 | D:2      | Reached XP level 4. HP: 24/24 MP: 4/8
  1533 | D:2      | Found a faded altar of an unknown god.
  2085 | D:3      | Reached XP level 5. HP: 28/28 MP: 6/9
  2111 | D:3      | Found a shimmering altar of Xom.
  2222 | D:3      | Identified the +0 whip "Pyer" {venom, Str+3}
  2223 | D:3      | Reached skill level 5 in Earth Magic
  2513 | D:4      | Found a stormy altar of Qazlal.
  2549 | D:4      | Reached XP level 6. HP: 32/32 MP: 9/11
  3071 | D:4      | Found a runed translucent gate.
  3072 | D:4      | Found a runed translucent gate.
  3074 | D:4      | Found a runed translucent gate.
  3077 | D:4      | Noticed Arctor's ghost (amateur DEFE)
  3077 | D:4      | Noticed Silvore's ghost (weakling MiFi)
  3077 | D:4      | Noticed middlethird's ghost (amateur VSCj)
  3077 | D:4      | Noticed Consumeair16's ghost (amateur GnWr)
  3077 | D:4      | Noticed hawla's ghost (amateur MiFi)
  3098 | D:4      | Reached skill level 6 in Earth Magic
  3098 | D:4      | Reached XP level 7. HP: 36/36 MP: 9/13
  3506 | D:5      | Entered Level 5 of the Dungeon
  3695 | D:5      | Reached skill level 5 in Conjurations
  3947 | D:5      | Reached skill level 1 in Fighting
  4027 | D:5      | Reached XP level 8. HP: 43/43 MP: 13/15
  4086 | D:5      | Found a staircase to the Ecumenical Temple.
  4108 | Temple   | Entered the Ecumenical Temple
  4293 | D:5      | Reached skill level 5 in Spellcasting
  4293 | D:5      | Reached skill level 7 in Earth Magic
  5087 | D:6      | Reached XP level 9. HP: 28/51 MP: 9/17
  5373 | D:7      | Reached skill level 8 in Earth Magic
  5393 | D:7      | Reached skill level 5 in Stealth
  5421 | D:7      | Slain by an unseen horror

Illustrated notes

Levels and vault maps discovered:
D:1:      arrival_zaba_pyramid, layout_loops_ring,
          chequers_serial_rivers_small_a
D:2:      layout_loops_ring, serial_shops, shop,
          shapermc_ecumenical_altar_notcrosses, minmay_tripent, uniq_jessica
D:3:      layout_rooms, xom_butterflies
D:4:      layout_loops_ring, old_standard_altar, gammafunk_ghost_cemetery
D:5:      layout_loops_ring, minmay_temple_entry_fiery
D:6:      layout_basic, chequers_serial_rivers_micro_c,
          minmay_fractal_squares_diagonal_5
D:7:      layout_basic, nemelex_xobeh_ov_fountains_minmay
Temple:   regret_index_temple_generic_petals

Skill      XL: |  1  2  3  4  5  6  7  8  9 |
---------------+----------------------------+-----
Earth Magic    | 4 5 6 7 8 |  8.1
Conjurations   | 2 3 4 5 6 |  6.6
Spellcasting   | 3 4 5 |  5.9
Fighting       | 1 3 |  3.9
Stealth        | 4 5 |  5.0
Dodging        | |  1.5

Action                     |  1- 3 |  4- 6 |  7- 9 || total
---------------------------+-------+-------+-------++-------
  Melee: Whip              |       |     6 |     3 ||     9
   Cast: Sandblast         |    33 |    87 |   108 ||   228
         Stone Arrow       |       |       |     3 ||     3
    Use: Scroll            |     2 |     3 |     5 ||    10
 Armour: Robe              |     2 |    27 |    77 ||   106
  Dodge: Dodged            |     1 |    28 |    29 ||    58
